 Dungeon Crawl Stone Soup version 0.28-a0-1206-g193881aaa2 (webtiles) character file.

Game seed: 4578625250095960468

60 flotson the Ducker (level 3, 0/42 HPs)
             Began as a Demonspawn Gladiator on Dec 21, 2021.
             Succumbed to a goblin's poison
             ... on level 1 of the Dungeon.
             The game lasted 00:01:46 (1429 turns).

flotson the Ducker (Demonspawn Gladiator)           Turns: 1429, Time: 00:01:47

Health: 0/42       AC: 11    Str: 16    XL:     3   Next: 80%
Magic:  3/3        EV: 11    Int:  9    God:
Gold:   91         SH:  4    Dex: 14    Spells: 2/2 levels left

rFire   . . .      SeeInvis .   a - +0 war axe
rCold   . . .      Faith    .   (no shield)
rNeg    . . .      Spirit   .   f - +0 ring mail
rPois   .          Reflect  .   c - +0 helmet
rElec   .          Harm     .   (no cloak)
rCorr   .          Rampage  .   (no gloves)
Will    .....                   b - +2 pair of boots
Stlth   ..........              (no amulet)
HPRegen 0.14/turn               (no ring)
MPRegen 0.08/turn               (no ring)

@: berserking (expiring), lethally poisoned (0 -> -9), attractive, very quick
A: slimy green scales 1, condensation shield
a: no special abilities


You were on level 1 of the Dungeon.
You visited 1 branch of the dungeon, and saw 2 of its levels.

You collected 91 gold pieces.

Inventory:

Hand Weapons
 a - a +0 war axe (weapon)
Missiles
 d - 3 throwing nets (quivered)
 k - 12 poisoned darts
Armour
 b - a +2 pair of boots (worn)
 c - a +0 helmet (worn)
 f - a +0 ring mail (worn)
Scrolls
 e - a scroll of holy word {unknown}
 h - a scroll of identify {unknown}
 i - a scroll of immolation {unknown}
 l - a scroll of silence {unknown}


   Skills:
 + Level 2.6 Fighting
 - Level 2.6 Axes
 + Level 2.4 Throwing
 + Level 1.3 Armour
 + Level 3.2 Dodging


You had 2 spell levels left.
You didn't know any spells.
Your spell library contained the following spells:

 Spells                   Type           Power      Damage    Failure   Level
 Frozen Ramparts          Ice            0%         1d2       93%         3
 Gell's Gravitas          Tloc           0%         N/A       93%         3
 Lesser Beckoning         Tloc           0%         N/A       93%         3
 Teleport Other           Tloc           0%         N/A       93%         3
 Ice Form                 Ice/Tmut       0%         N/A       100%        4
 Summon Ice Beast         Ice/Summ       0%         N/A       100%        4


Dungeon Overview and Level Annotations

Branches:
Dungeon (2/15)

Altars:

Annotations:
D:2 Robin


Innate Abilities, Weirdness & Mutations

You are partially covered in slimy green scales. (AC +2)
A meltable shield of frost defends you. (SH +4)


Message History

The goblin closely misses you.
You feel very sick.
Robin roars a battlecry!
The goblin goes into a battle-frenzy!
You feel very sick.
You feel very sick.
You feel sick.
You feel sick.
There is a stone staircase leading up here.
You feel sick. The goblin hits you but does no damage.
The goblin hits you with a +1 dagger of venom.
* * * LOW HITPOINT WARNING * * *
The goblin barely misses you.
You climb upwards.
You feel sick.
There is a stone staircase leading down here.
It was a potion of attraction.
You feel attractive to monsters.
You feel sick. The goblin hits you but does no damage.
The goblin closely misses you. The goblin hits you but does no damage.
It was a potion of berserk rage.
A red film seems to cover your vision as you go berserk!
You feel yourself moving faster!
You feel mighty!
You feel sick. The goblin closely misses you. You block the goblin's attack.
The goblin hits you but does no damage.
You slash the goblin!
You kill the goblin!
You slash the goblin!
You kill the goblin!
You closely miss the goblin.
You feel sick.
You are no longer poisoned.
The goblin closely misses you.
You closely miss the goblin.
The goblin hits you with a +1 dagger of venom.
* * * LOW HITPOINT WARNING * * *
You are lethally poisoned!
You slash the goblin!
You kill the goblin!
* * * LOW HITPOINT WARNING * * *
You feel sick.
You die...

######### #.......#
#.......#
######.......#
#............####
#.....)....#....#######
#....>@................
#.....)#.#..#...#######
#.....[+....#...#
##.....###..#.#########
####..................
#.....####.....####.
#....#≈###.....#..≈#
#...###............#
#...##.............#


There were no monsters in sight!

Vanquished Creatures
  Natasha (D:2)
  4 ball pythons (D:1)
  4 endoplasms
  2 giant cockroaches
  5 goblins
  2 hobgoblins (D:1)
  4 jackals (D:1)
  A kobold (D:1)
  2 bats
  4 frilled lizards
  2 rats
31 creatures vanquished.

Notes
Turn   | Place    | Note
-------+----------+-------------------------------------------
     0 | D:1      | flotson the Demonspawn Gladiator began the quest for the
                  | Orb.
     0 | D:1      | Reached XP level 1. HP: 16/16 MP: 1/1
   230 | D:1      | Found a faded altar of an unknown god.
   376 | D:1      | Gained mutation: A meltable shield of frost defends you.
                  | (SH +4) [demonic ancestry]
   376 | D:1      | Reached XP level 2. HP: 22/22 MP: 2/2
   657 | D:1      | Reached skill level 3 in Dodging
   956 | D:2      | Reached skill level 1 in Armour
   956 | D:2      | Gained mutation: You are partially covered in slimy green
                  | scales. (AC +2) [demonic ancestry]
   956 | D:2      | Reached XP level 3. HP: 23/28 MP: 3/3
  1138 | D:2      | Noticed Natasha
  1153 | D:2      | Killed Natasha
  1413 | D:2      | Noticed Robin
  1428 | D:1      | HP: 2/42 [poisoned by a goblin]
  1429 | D:1      | Succumbed to a goblin's poison

Illustrated notes

Levels and vault maps discovered:
D:1:      enne_arrival_octagon_isle, layout_basic,
          chequers_ecumenical_altar_island, dk_noncrumbling_2
D:2:      layout_rooms, serial_forest, infiniplex_forest_lined_3_way,
          infiniplex_forest_lined_room_, infiniplex_forest_clump_small,
          infiniplex_forest_straight_4, infiniplex_forest_pool,
          infiniplex_forest_lined_2, infiniplex_forest_split,
          infiniplex_forest_end_1, infiniplex_forest_lined_3_way, serial_shops,
          nicolae_shop_advertising_works [nicolae_subvault_shop_adworks],
          uniq_robin, uniq_natasha

Skill      XL: |  1  2 |
---------------+-------+-----
Throwing       | 2 |  2.4
Dodging        | 3 |  3.2
Armour         | 1 |  1.3
Fighting       | |  2.6
Axes           | |  2.6

Action                   || total
-------------------------++-------
Melee: War axe           ||    78
  Use: Potion            ||     2
Armor: Ring mail         ||    46
       Leather armour    ||     1
Dodge: Dodged            ||    62
Block: Other             ||    11

Table legend: (Time is in decaauts)
 A = Elapsed time spent in this place.
 B = Non-inter-level travel time spent in this place.
 C = Inter-level travel time spent in this place.
 D = Time resting spent in this place.
 E = Time spent auto-exploring this place.
 F = Levels seen in this place.
 G = Mean time per level.
                   A        B        C        D        E       F      G
               +--------+--------+--------+--------+--------+-----+--------+
         Total |   1462 |   1422 |     40 |    245 |    932 |   2 |  731.0 |
       Dungeon |   1462 |   1422 |     40 |    245 |    932 |   2 |  731.0 |
               +--------+--------+--------+--------+--------+-----+--------+

Top non-repeatable levels by time:
     D:1: 1080 daAuts
     D:2: 381 daAuts
